 Dungeon Crawl Stone Soup version 0.31-a0-175-g9f7f995f2b (webtiles) character file.

Game seed: 11145037339886427325

168 qw the Shooter (level 5, -3/49 HPs)
             Began as a Naga Hunter on June 17, 2023.
             Slain by a hobgoblin (4 damage)
             ... led by Robin
             ... on level 2 of the Dungeon.
             The game lasted 00:00:36 (1482 turns).

qw the Shooter (Naga Hunter)                        Turns: 1482, Time: 00:00:36

Health: -3/49      AC:  3    Str: 13    XL:     5   Next: 48%
Magic:  5/5        EV:  9    Int: 10    God:
Gold:   190        SH:  5    Dex: 16    Spells: 4/4 levels left

rFire   . . .        Y - +0 shortbow
rCold   . . .        (shield currently unavailable)
rNeg    . . .        c - +0 leather armour
rPois   +            (no helmet)
rElec   .            (no cloak)
rCorr   .            (no gloves)
SInv    +            (no barding)
Will    .....        g - amulet of reflection
Stlth   ++           (no ring)
HPRegen 0.28/turn    (no ring)
MPRegen 0.09/turn

%: reflection
@: short of breath, very slow
A: AC +1, large, see invisible, deformed body, poison resistance, slowness 2,
spit poison 1, naga tail 1
a: Spit Poison


You were on level 2 of the Dungeon.
You visited 1 branch of the dungeon, and saw 2 of its levels.

You collected 190 gold pieces.


Innate Abilities, Weirdness & Mutations

Your serpentine skin is tough. (AC +1)
You have supernaturally acute eyesight. (SInv)
Armour fits poorly on your strangely shaped body.
Your system is resistant to poisons. (rPois)
You cover ground very slowly.
You can spit poison.
You have a snake-like lower body.


   Skills:
 - Level 3.0 Fighting
 + Level 5.5 Ranged Weapons
 - Level 1.5 Dodging
 - Level 1.5 Stealth


You had 4 spell levels left.
You didn't know any spells.
Your spell library was empty.

Inventory:

Hand Weapons
 Y - a +0 shortbow (weapon)
Armour
 c - a +0 leather armour (worn)
Jewellery
 b - an amulet of magic regeneration
 g - an amulet of reflection (around neck)
Scrolls
 e - 3 scrolls of poison {unknown}
 f - a scroll of noise {unknown}
 j - a scroll of identify
Potions
 a - 2 potions of cancellation {unknown}
 d - a potion of heal wounds {unknown}
 h - a potion of attraction {unknown}
 i - a potion of experience {unknown}

Dungeon Overview and Level Annotations

Branches:
Dungeon (2/15)

Altars:


Message History

You kill the goblin!
The hobgoblin barely misses you. The hobgoblin hits you.
The hobgoblin barely misses you. The goblin closely misses you.
1476 ||| INVOKING Spit Poison.
Aiming: Spit Poison (1% risk of failure)
Press: ? - help, Shift-Dir - straight line, f - hobgoblin The splash of poison hits the hobgoblin!
You kill the hobgoblin!
The goblin hits you with a +0 dagger. The goblin barely misses you.
The hobgoblin hits you. The hobgoblin barely misses you.
You shoot an arrow. The arrow hits the goblin.
The goblin is heavily wounded.
The goblin completely misses you. The goblin hits you with a +0 club.
The hobgoblin hits you. x2
You shoot an arrow. The arrow hits the goblin.
You kill the goblin!
You have got your breath back.
The goblin hits you with a +0 dagger. The hobgoblin closely misses you.
The hobgoblin hits you.
1479 ||| INVOKING Spit Poison.
Aiming: Spit Poison (1% risk of failure)
Press: ? - help, Shift-Dir - straight line, f - hobgoblin The splash of poison hits the hobgoblin.
The hobgoblin is poisoned.
You kill the hobgoblin!
The goblin hits you but does no damage. The hobgoblin completely misses you.
The hobgoblin barely misses you.
You shoot an arrow. The arrow barely misses the hobgoblin.
The goblin hits you with a +0 dagger. The hobgoblin barely misses you. x2
You shoot an arrow.
The arrow hits the hobgoblin but does no damage.
The goblin hits you but does no damage.
The hobgoblin hits you but does no damage.
The hobgoblin completely misses you.
You shoot an arrow. The arrow barely misses the hobgoblin.
The hobgoblin no longer looks unusually strong.
The goblin hits you with a +0 dagger. The hobgoblin hits you.
You block the hobgoblin's attack. The goblin hits you with a +0 dagger.
The hobgoblin hits you.
You die...

....########...................).
....#......%............)........
..............%..................
.........).........##............
#..................##............
#....................)......###..
#...........................# #..
#...............g)..........# #..
#...............@).))).... #..
#####...........gg.....) #..
#.........#######... #..
########### . #.. #.. #.. ###


You could see 2 hobgoblins and a goblin (strong).

Vanquished Creatures
  Natasha (thrice) (D:2)
  Robin (D:2)
  4 adders (D:2)
  3 ball pythons
  4 bats
  4 endoplasms
  A giant cockroach (D:1)
  11 goblins
  5 hobgoblins
  A quokka (D:2)
  4 frilled lizards
  5 rats
46 creatures vanquished.

Notes
Turn   | Place    | Note
-------+----------+-------------------------------------------
     0 | D:1      | qw the Naga Hunter began the quest for the Orb.
     0 | D:1      | Reached XP level 1. HP: 19/19 MP: 1/1
     0 | D:1      | 0 ||| qw: Version: 0.3-a-2-g5ab2908
     0 | D:1      | 0 ||| qw: Game counter: 104
     0 | D:1      | 0 ||| qw: Always use a shield: true
     0 | D:1      | 0 ||| qw: God list: Okawaru
     0 | D:1      | 0 ||| qw: Allow faded altars: false
     0 | D:1      | 0 ||| qw: Do Orc after D:15 true
     0 | D:1      | 0 ||| qw: Do second Lair branch before Depths: true
     0 | D:1      | 0 ||| qw: Lair rune preference: random
     0 | D:1      | 0 ||| qw: Plans: Normal
     0 | D:1      | 0 ||| PLANNING D:1-11
    45 | D:1      | 45 ||| INVOKING Spit Poison.
   164 | D:1      | 164 ||| INVOKING Spit Poison.
   174 | D:1      | 174 ||| INVOKING Spit Poison.
   179 | D:1      | 179 ||| INVOKING Spit Poison.
   181 | D:1      | Reached skill level 4 in Ranged Weapons
   181 | D:1      | Reached XP level 2. HP: 26/26 MP: 2/2
   383 | D:1      | 383 ||| INVOKING Spit Poison.
   642 | D:1      | 642 ||| INVOKING Spit Poison.
   648 | D:1      | 648 ||| INVOKING Spit Poison.
   836 | D:1      | 836 ||| INVOKING Spit Poison.
   902 | D:1      | 902 ||| UPGRADING to amulet of reflection.
   907 | D:1      | 907 ||| DROPPING +6 ring of intelligence.
   908 | D:1      | 908 ||| READING 2 scrolls labelled WOEPHA VOICE.
   909 | D:1      | 909 ||| READING scroll labelled POOCOS LOULO.
   910 | D:1      | 910 ||| DROPPING scroll of immolation.
   911 | D:1      | 911 ||| DROPPING scroll of butterflies.
   959 | D:2      | 959 ||| INVOKING Spit Poison.
   968 | D:2      | 968 ||| INVOKING Spit Poison.
   971 | D:2      | 971 ||| INVOKING Spit Poison.
   972 | D:2      | Reached XP level 3. HP: 31/32 MP: 3/3
  1016 | D:2      | 1016 ||| INVOKING Spit Poison.
  1040 | D:2      | 1040 ||| INVOKING Spit Poison.
  1054 | D:2      | 1054 ||| INVOKING Spit Poison.
  1057 | D:2      | 1057 ||| INVOKING Spit Poison.
  1133 | D:2      | 1133 ||| INVOKING Spit Poison.
  1200 | D:2      | Noticed Natasha
  1203 | D:2      | 1203 ||| INVOKING Spit Poison.
  1204 | D:2      | Killed Natasha
  1205 | D:2      | Reached skill level 5 in Ranged Weapons
  1205 | D:2      | Reached XP level 4. HP: 39/39 MP: 4/4
  1206 | D:2      | 1206 ||| INVOKING Spit Poison.
  1255 | D:2      | 1255 ||| INVOKING Spit Poison.
  1259 | D:2      | 1259 ||| INVOKING Spit Poison.
  1303 | D:2      | 1303 ||| INVOKING Spit Poison.
  1306 | D:2      | Noticed Natasha
  1307 | D:2      | 1307 ||| INVOKING Spit Poison.
  1314 | D:2      | 1314 ||| INVOKING Spit Poison.
  1314 | D:2      | Killed Natasha
  1315 | D:2      | Reached skill level 3 in Fighting
  1333 | D:2      | Noticed Natasha
  1335 | D:2      | 1335 ||| INVOKING Spit Poison.
  1337 | D:2      | Killed Natasha
  1338 | D:2      | Reached XP level 5. HP: 44/49 MP: 5/5
  1373 | D:2      | 1373 ||| INVOKING Spit Poison.
  1376 | D:2      | 1376 ||| INVOKING Spit Poison.
  1404 | D:2      | 1404 ||| INVOKING Spit Poison.
  1408 | D:2      | 1408 ||| INVOKING Spit Poison.
  1411 | D:2      | 1411 ||| INVOKING Spit Poison.
  1462 | D:2      | 1462 ||| INVOKING Spit Poison.
  1464 | D:2      | Noticed Robin
  1466 | D:2      | 1466 ||| INVOKING Spit Poison.
  1470 | D:2      | 1470 ||| INVOKING Spit Poison.
  1473 | D:2      | 1473 ||| INVOKING Spit Poison.
  1475 | D:2      | Killed Robin
  1476 | D:2      | 1476 ||| INVOKING Spit Poison.
  1479 | D:2      | 1479 ||| INVOKING Spit Poison.
  1480 | D:2      | HP: 10/49 [goblin/+0 dagger[Robin] (4)]
  1482 | D:2      | HP: 1/49 [goblin/+0 dagger[Robin] (4)]
  1482 | D:2      | Slain by a hobgoblin

Levels and vault maps discovered:
D:1:      giann_wishing_wells, layout_loops_corners, minmay_tetromino_l4
D:2:      layout_basic, solitary_fountain, uniq_robin, uniq_natasha

Skill      XL: |  1  2  3  4 |
---------------+-------------+-----
Ranged Weapons | 4 5 |  5.5
Fighting       | 3 |  3.0
Dodging        | |  1.5
Stealth        | |  1.5

Action                     |  1- 3 |  4- 6 || total
---------------------------+-------+-------++-------
   Fire: Shortbow          |    43 |    46 ||    89
Ability: Spit Poison       |    17 |    18 ||    35
    Use: Scroll            |     2 |       ||     2
 Armour: Leather armour    |     1 |     8 ||     9
  Dodge: Dodged            |     5 |    30 ||    35
  Block: Other             |     1 |    10 ||    11

Table legend:
 A = Non-vault XP
 B = Vault XP
 C = Vault XP percentage of total XP
 D = Non-vault monster count
 E = Vault monster count
 F = Vault count percentage of total count
                 A         B        C        D         E       F
            +---------+---------+-------+---------+---------+-------
      Total |     166 |      74 |  30.8 |      32 |      14 |  30.4
            +---------+---------+-------+---------+---------+-------
        D:1 |      18 |       4 |  18.2 |      10 |       3 |  23.1
        D:2 |     148 |      70 |  32.1 |      22 |      11 |  33.3
            +---------+---------+-------+---------+---------+-------
